 Dungeon Crawl Stone Soup version 0.31-a0-799-g6bc09d010c (webtiles) character file.

Game seed: 7190523247386695191

563 ytrimaz the Ruffian (level 7, -4/52 HPs)
             Began as a Black Draconian Shapeshifter on Sept 19, 2023.
             Killed by divine providence
             ... invoked by an orc priest
              (16 damage)
             ... on level 5 of the Dungeon.
             The game lasted 00:03:15 (3432 turns).

ytrimaz the Ruffian (Black Draconian Shapeshifter)  Turns: 3432, Time: 00:03:16

Health: -4/52      AC:  6    Str: 16    XL:     7   Next: 10%
Magic:  7/7        EV: 13    Int: 11    God:
Gold:   251        SH:  0    Dex: 12    Spells: 6/6 levels left

rFire   . .          .
                       - Unarmed
rCold   . . .        (no shield)
rNeg    . . .        (body armour unavailable)
rPois   .            (helmet currently unavailable)
rElec   +            (cloak currently unavailable)
rCorr   .            (gloves currently unavailable)
SInv    .            (boots currently unavailable)
Will    .....        (no amulet)
Stlth   +            (no ring)
HPRegen 0.28/turn    (no ring)
MPRegen 0.10/turn

%: no passive effects
@: confused, short of breath, beast-form
A: beast (slay +2), breathe lightning, AC +6, unfitting armour, electricity
resistance, cold-blooded
a: Breathe Lightning, Begin Untransformation


You were on level 5 of the Dungeon.
You were a hulking beast.
You visited 1 branch of the dungeon, and saw 5 of its levels.

You collected 251 gold pieces.


Innate Abilities, Weirdness & Mutations

You are a hulking beast.
Your limbs bulge with bestial killing power. (Slay +2)
You can breathe wild blasts of lightning.
Your glossy black scales are hard. (AC +6)
You cannot fit into any form of body armour.
You are resistant to electric shocks. (rElec)
You are cold-blooded and may be slowed by cold attacks.


   Skills:
 - Level 1.1 Fighting
 + Level 4.4 Dodging
 + Level 5.2 Unarmed Combat
 + Level 4.9 Shapeshifting


You had 6 spell levels left.
You didn't know any spells.
Your spell library contained the following spells:

 Spells                   Type           Power      Damage    Failure   Level
 Sting                    Tmut/Pois      0%         1d3       34%         1
 Blink                    Tloc           0%         N/A       47%         2
 Lesser Beckoning         Tloc           0%         N/A       47%         2
 Momentum Strike          Conj/Tloc      0%         3d8       47%         2
 Poisonous Vapours        Pois/Air       0%         N/A       47%         2
 Olgreb's Toxic Radiance  Pois           0%         N/A       98%         4

Inventory:

Jewellery
 o - a +5 ring of evasion
   (You found it on level 2 of the Dungeon)
Talismans
 b - a beast talisman (active)
 c - a flux talisman
Scrolls
 a - a scroll of blinking {unknown}
 e - a scroll of enchant armour {unknown}
 f - 2 scrolls of brand weapon {unknown}
 g - 2 scrolls of identify {unknown}
 j - a scroll of butterflies {unknown}
 k - a scroll of silence {unknown}
 m - 3 scrolls of fear {unknown}
 n - a scroll of torment {unknown}
 p - a scroll of enchant weapon {unknown}
 q - a scroll of vulnerability {unknown}
Potions
 d - a potion of attraction
 h - 2 potions of berserk rage
 i - a potion of degeneration {unknown}
 l - a potion of haste {unknown}

Dungeon Overview and Level Annotations

Branches:
Dungeon (5/15) Zot: 26566
 Temple: D:4-7

Altars:

Shops:
D:2

( #.#### .# #....#
###..#
####.######...^.#
#...#....#
###...#### ##...##
#..#.#### #
##.##....###.#
#..#####.hoo.#
#.......).....)...
##############..#.
##


You could see an orc priest and an orc.


Message History

You kill the iguana!
You are too injured to fight recklessly! 😮 HP[+1]
You are too injured to fight recklessly!
Things that are here:
a +0 hand axe; an orc corpse Key pressed, stopping explore.
A hound comes into view.
Found a stone staircase leading down.
The hound barks! 😎 HP[+17]
Your hp is fully restored (47).
A hound is nearby!
A hound is nearby!
You punch the hound! The hound barely misses you.
You punch the hound!
You kill the hound!
You have reached level 7!
Your scales start taking on a glossy black colour.
You learn Air Magic much quicker.
You learn Earth Magic much slower.
You can breathe wild blasts of lightning.
You feel insulated. 😎 HP[+5] MP[+1]
You now have 52 max hp (+5).
Your hp is fully restored (52).
Your mp is fully restored (7).
There is a stone staircase leading down here.
e - a scroll labelled SION ZER XAOST You now have 251 gold pieces (gained 8). 2 orc wizards come into view.
The orc wizard shouts!
There are monsters nearby!
An orc comes into view.
It is wielding a +0 dagger and wearing a +1 scale mail of fire resistance.
The orc shouts!
Unknown command.
An orc comes into view. It is wielding a +0 mace.
The orc shouts!
The orc moves out of view.
You breathe a wild blast of lightning!
The orb of electricity explodes! x2
The orb of electricity engulfs the orc wizard.
The orb of electricity engulfs you! You resist.
The orb of electricity engulfs the orc!!
You kill the orc!
The orb of electricity engulfs the orc wizard!
The orb of electricity explodes!
You hear a shout!
You hear an angry hiss.
You hear a shout!
An orc priest comes into view. It is wielding a +0 flail.
Unknown command. 😕 HP[-12]
You take 12 damage, and now have 40/52 hp.
MASSIVE DAMAGE!! (PAUSE)
You hit the orc wizard.
The orc wizard hits you with a +0 dagger.
The orc wizard casts a spell.
The orc wizard flickers and vanishes!
Deactivating autopickup; reactivate with Ctrl-A.
You are too injured to fight recklessly! 😮 HP[-3]
You take 3 damage, and now have 37/52 hp.
You hit the orc wizard. The orc wizard casts a spell at you.
The puff of flame hits you. 😮 HP[-5]
You take 5 damage, and now have 32/52 hp.
You are too injured to fight recklessly!
Unknown command.
You barely miss the orc wizard. You punch the orc wizard.
You kill the orc wizard!
You hear some strange, mumbled words.
You are confused.
You are too injured to fight recklessly!
You bump into the rock wall.
A magic dart appears from out of thin air!
The magic dart hits you!
* * * LOW HITPOINT WARNING * * *
😨 HP[-8]
You take 8 damage, and now have 24/52 hp.
Unknown command.
You bump into the rock wall. 😨 HP[+1] Unknown command.
The orc priest attacks as it pursues you!
The orc priest hits you but does no damage.
You miss the orc priest.
The orc priest calls down the wrath of Beogh upon you.
Pain shoots through your body!
* * * LOW HITPOINT WARNING * * *
Something hits you but does no damage. 😱 HP[-13]
You take 13 damage, and now have 12/52 hp.
MASSIVE DAMAGE!! (PAUSE)
You closely miss the orc priest.
The orc priest mumbles some strange prayers to Beogh against you.
Beogh smites you!
You die...

Skill      XL: |  1  2  3  4  5  6 |
---------------+-------------------+-----
Dodging        | 2 3 4 |  4.4
Unarmed Combat | 4 5 |  5.2
Shapeshifting  | 4 |  4.9
Fighting       | |  1.1

Action                     |  1- 3 |  4- 6 |  7- 9 || total
---------------------------+-------+-------+-------++-------
  Melee: Unarmed           |   103 |    69 |     5 ||   177
         Tailslap          |    10 |     7 |       ||    17
         Punch             |       |     3 |     1 ||     4
Ability: Breathe Lightning |       |       |     1 ||     1
    Use: Potion            |       |     4 |       ||     4
   Stab: Sleeping          |     3 |       |       ||     3
 Armour: Skin              |    53 |    40 |     6 ||    99
  Dodge: Dodged            |    49 |    31 |       ||    80

Levels and vault maps discovered:
D:1:      psy_arrival_terrarium, layout_loops_ring, serial_bayou_pond_c
D:2:      layout_basic, dilly_ecumenical_altar_fadedgnrine, serial_shops, shop,
          grunt_decor_arrowhead
D:3:      layout_basic
D:4:      layout_gridville, kennysheep_orc_chapel, uniq_sigmund, uniq_edmund
D:5:      layout_rooms, mainiacjoe_overflow_swirl, temple_fountains

Notes
Turn   | Place    | Note
-------+----------+-------------------------------------------
     0 | D:1      | ytrimaz the Draconian Shapeshifter began the quest for the
                  | Orb.
     0 | D:1      | Reached XP level 1. HP: 16/16 MP: 1/1
     0 | D:1      | magus.rc [v1.9.6]
    77 | D:1      | Reached skill level 2 in Dodging
    87 | D:1      | You add the spells Sting, Poisonous Vapours and Olgreb's
                  | Toxic Radiance to your library.
   152 | D:1      | Reached XP level 2. HP: 20/23 MP: 2/2
   571 | D:1      | Reached XP level 3. HP: 28/28 MP: 3/3
   761 | D:2      | You pick up a book of Spatial Translocations and begin
                  | reading...
   761 | D:2      | You add the spells Blink, Momentum Strike and Lesser
                  | Beckoning to your library.
  1078 | D:2      | Found Terof's Weapon Boutique.
  1519 | D:2      | Found a faded altar of an unknown god.
  1953 | D:3      | Reached XP level 4. HP: 32/35 MP: 4/4
  1958 | D:3      | Reached skill level 3 in Dodging
  2509 | D:4      | Noticed Edmund
  2522 | D:4      | Killed Edmund
  2523 | D:4      | Reached skill level 4 in Unarmed Combat
  2523 | D:4      | Reached skill level 4 in Shapeshifting
  2523 | D:4      | Reached XP level 5. HP: 30/40 MP: 5/5
  2842 | D:4      | HP: 9/40 [orc/+2 morningstar of protection (7)]
  2853 | D:4      | Reached XP level 6. HP: 17/47 MP: 6/6
  2853 | D:4      | HP: 14/70 [something (3)]
  3093 | D:4      | Noticed Sigmund
  3109 | D:4      | Killed Sigmund
  3110 | D:4      | Reached skill level 4 in Dodging
  3110 | D:4      | Reached skill level 5 in Unarmed Combat
  3279 | D:5      | Entered Level 5 of the Dungeon
  3375 | D:5      | Your scales start taking on a glossy black colour.
  3375 | D:5      | Reached XP level 7. HP: 52/52 MP: 7/7
  3375 | D:5      | Gained mutation: You are resistant to electric shocks.
                  | (rElec) [Black Draconian growth]
  3431 | D:5      | HP: 12/52 [orc priest/nerve-wracking pain (13)]
  3432 | D:5      | Killed from afar by an orc priest

Vanquished Creatures
  Sigmund (D:4)
  Edmund (D:4)
  A hound (D:5)
  An orc priest (D:4)
  5 orc wizards
  An iguana (D:5)
  An adder (D:4)
  A worm (D:3)
  A dart slug (D:2)
  8 orcs
  5 endoplasms
  3 giant cockroaches
  4 goblins
  5 hobgoblins
  5 jackals (D:1)
  4 kobolds
  A quokka (D:1)
  5 ball pythons
  5 bats
  3 frilled lizards
  3 rats
64 creatures vanquished.

Table legend:
 A = Non-vault XP
 B = Vault XP
 C = Vault XP percentage of total XP
 D = Non-vault monster count
 E = Vault monster count
 F = Vault count percentage of total count
                 A         B        C        D         E       F
            +---------+---------+-------+---------+---------+-------
      Total |     296 |     509 |  63.2 |      57 |       7 |  10.9
            +---------+---------+-------+---------+---------+-------
        D:1 |      41 |       0 |   0.0 |      24 |       0 |   0.0
        D:2 |      17 |       0 |   0.0 |       9 |       0 |   0.0
        D:3 |      97 |       0 |   0.0 |      15 |       0 |   0.0
        D:4 |      19 |     509 |  96.4 |       4 |       7 |  63.6
        D:5 |     122 |       0 |   0.0 |       5 |       0 |   0.0
            +---------+---------+-------+---------+---------+-------

Skill      XL: |  1  2  3  4  5  6 |
---------------+-------------------+-----
Dodging        | 2 3 4 |  4.4
Unarmed Combat | 4 5 |  5.2
Shapeshifting  | 4 |  4.9
Fighting       | |  1.1

Action                     |  1- 3 |  4- 6 |  7- 9 || total
---------------------------+-------+-------+-------++-------
  Melee: Unarmed           |   103 |    69 |     5 ||   177
         Tailslap          |    10 |     7 |       ||    17
         Punch             |       |     3 |     1 ||     4
Ability: Breathe Lightning |       |       |     1 ||     1
    Use: Potion            |       |     4 |       ||     4
   Stab: Sleeping          |     3 |       |       ||     3
 Armour: Skin              |    53 |    40 |     6 ||    99
  Dodge: Dodged            |    49 |    31 |       ||    80

Illustrated notes

Table legend:
 A = Kills in this place as a percentage of kills in the entire game.
 B = Kills by you in this place as a percentage of kills by you in the entire game.
 C = Kills by friends in this place as a percentage of kills by friends in the entire game.
 D = Other kills in this place as a percentage of other kills in the entire game.
 E = Experience gained in this place as a percentage of experience gained in the entire game.
 F = Experience gained in this place divided by the number of levels of this place that you have seen.
                   A       B       C       D       E      F
               +-------+-------+-------+-------+-------+----------------------
         Total | 100.0 | 100.0 |   N/A |   N/A | 100.0 | 161.0
       Dungeon | 100.0 | 100.0 |   N/A |   N/A | 100.0 | 161.0
               +-------+-------+-------+-------+-------+----------------------

Table legend: (Time is in decaauts)
 A = Elapsed time spent in this place.
 B = Non-inter-level travel time spent in this place.
 C = Inter-level travel time spent in this place.
 D = Time resting spent in this place.
 E = Time spent auto-exploring this place.
 F = Levels seen in this place.
 G = Mean time per level.
                   A        B        C        D        E       F      G
               +--------+--------+--------+--------+--------+-----+--------+
         Total |   3432 |   3304 |    128 |     14 |   2815 |   5 |  686.4 |
       Dungeon |   3432 |   3304 |    128 |     14 |   2815 |   5 |  686.4 |
               +--------+--------+--------+--------+--------+-----+--------+

Top non-repeatable levels by time:
     D:3: 941 daAuts
     D:2: 838 daAuts
     D:4: 772 daAuts
     D:1: 729 daAuts
     D:5: 151 daAuts
